 Dungeon Crawl Stone Soup version 0.19-a0-1875-g4fea3da (webtiles) character file.

408 Amnesiac the Sneak (level 6, -10/47 HPs)
             Began as a Mummy Monk on Oct 13, 2016.
             Was a Believer of Dithmenos.
             Mangled by an ogre
             ... wielding a +0 giant club
              (24 damage)
             ... on level 5 of the Dungeon.
             The game lasted 00:06:16 (4235 turns).

Amnesiac the Sneak (Mummy Monk)                     Turns: 4235, Time: 00:06:16

Health: -10/47     AC:  9    Str: 14    XL:     6   Next: 57%
Magic:  6/6        EV: 11    Int:  9    God:    Dithmenos [**....]
Gold:   148        SH:  0    Dex: 17    Spells: 0 memorised, 5 levels left

rFire  x . .     SeeInvis .     e - +1 short sword (drain)
rCold  + + .     Gourm    .     a - +3 ring mail {rC+}
rNeg   + + +     Faith    .     (no shield)
rPois  ∞         Spirit   .     n - +0 helmet
rElec  .         Dismiss  .     (no cloak)
rCorr  .         Reflect  .     (no gloves)
MR     +....     Harm     .     (no boots)
Stlth  +++.......               (no amulet)
                                (no ring)
                                g - ring of protection from magic

@: wreathed by umbra
A: no food or potions, fire vulnerability, cold resistance 1, negative energy
resistance 3, torment resistance, unbreathing
a: Shadow Step, Renounce Religion


You were on level 5 of the Dungeon.
You worshipped Dithmenos.
Dithmenos was pleased with you.
You were not hungry.

You visited 2 branches of the dungeon, and saw 6 of its levels.

You collected 148 gold pieces.

Inventory:

Hand Weapons
 e - a +1 short sword of draining (weapon)
Missiles
 i - 6 curare-tipped needles
Armour
 a - a +3 ring mail of cold resistance (worn)
 n - a +0 helmet (worn)
Jewellery
 g - a ring of protection from magic (left hand)
Scrolls
 b - a scroll of teleportation
 d - a scroll of enchant weapon
 j - 3 scrolls of blinking
 l - a scroll of recharging
 m - 2 scrolls of amnesia


   Skills:
 - Level 3.0 Fighting
 + Level 4.0 Short Blades
 - Level 2.4 Dodging
 * Level 5.3 Stealth


You had 5 spell levels left.
You didn't know any spells.

Dungeon Overview and Level Annotations

Branches:
Dungeon (5/15)             Temple (1/1) D:4

Altars:
Ashenzari
Cheibriados
Dithmenos
Fedhas
Gozag
Hepliaklqana
Kikubaaqudgha
Makhleb
Okawaru
Qazlal
Ru
Sif Muna
Trog
Xom
Yredelemnul
Zin
The Shining One

Annotations:
D:2 Natasha
D:3 TotoDurand's ghost, amateur NaFE
D:4 Menkaure


Innate Abilities, Weirdness & Mutations

You do not eat or drink.
Your flesh is vulnerable to fire.
You are immune to poison.
Your flesh is cold resistant. (rC+)
You are immune to negative energy. (rN+++)
You are immune to unholy pain and torment.
You can survive without breathing.


Message History

A centaur comes into view.
The centaur shouts!
Found 12 sling bullets and a wand of flame.
There is a stone staircase leading up here.
Okay, then.
Okay, then.
The centaur wields a shortbow.
The centaur shoots an arrow.
The arrow hits you.
* * * LOW HITPOINT WARNING * * *
You can't drink.
As you read the scroll of fear, it crumbles to dust.
You assume a fearsome visage.
Nothing appears to happen.
As you read the scroll labeled NADAGE EBUQIV, it crumbles to dust.
You feel strangely unstable.
It was a scroll of teleportation.
As you read the scroll labeled ZUTUCH TOUHOE, it crumbles to dust.
You feel aware of your surroundings.
You sensed 1 altar, and 1 shop/portal.
It was a scroll of magic mapping.
Your surroundings suddenly seem different.
The ogre hits you with a giant club!!
Ouch! That really hurt!
You die...

****,**** **,,,** *,*
,,,,,,,,* ##.....## ***,*
,,**,*,,* ##.l.....## **,*,*
,,***,,,***#.........#***,,,,*
,,,,,,,,,,,+.........+,,,,,,,*
,,*,*,,,***#.........#***,,,,*
,,*,**,,* *#.......#* **,*,*
,,,,,,,,* *#..O..#* ***,*
*,,,,,,** *#.@.#* *,* ***,****
##+## *,* *,* **,******* *,*
*,* *,,,,,,,,* *,* *,*
*,,*****,*****,* *,*
**,,,,,,,,,,,,,,* *,*
*****,,,,,***,******* *,*
*,,,**,,,,***,*
*,******,,,**,,,,,,,,*


You could see an ogre and a leopard gecko (sleeping).

Vanquished Creatures
  A centaur (D:4)
  An orc wizard (D:4)
  Jessica (D:3)
  Natasha (D:2)
  3 worker ants (D:4)
  Robin (D:2)
  6 adders
  4 worms (D:2)
  5 dart slugs
  2 leopard geckos (D:4)
  2 orcs (D:4)
  2 giant cockroaches (D:3)
  10 goblins
  8 hobgoblins
  3 jackals (D:1)
  7 kobolds
  2 quokkas
  2 ball pythons
  8 bats
  3 frilled lizards (D:1)
  A quokka skeleton (D:4)
  3 rats (D:1)
76 creatures vanquished.

Vanquished Creatures (others)
  An orc wizard (D:4)
1 creature vanquished.

Grand Total: 77 creatures vanquished

Notes
Turn   | Place    | Note
-------+----------+-------------------------------------------
     0 | D:1      | Amnesiac the Mummy Monk began the quest for the Orb.
     0 | D:1      | Reached XP level 1. HP: 18/18 MP: 1/1
    84 | D:1      | Reached skill level 2 in Stealth
   327 | D:2      | Reached XP level 2. HP: 18/24 MP: 2/2
   531 | D:2      | Noticed Natasha
   544 | D:2      | Killed Natasha
   544 | D:2      | Reached skill level 3 in Stealth
   544 | D:2      | Reached XP level 3. HP: 15/29 MP: 3/3
   596 | D:2      | Noticed Natasha
   872 | D:3      | Found a faded altar of an unknown god.
   872 | D:3      | Found a faded altar of an unknown god.
   877 | D:3      | Found a sacrificial altar of Ru.
   879 | D:3      | Found a faded altar of an unknown god.
   880 | D:3      | Found a faded altar of an unknown god.
   930 | D:3      | Noticed TotoDurand's ghost (amateur NaFE)
   931 | D:3      | Found a shattered altar of Ashenzari.
   932 | D:3      | Found a glowing silver altar of Zin.
  1021 | D:4      | Noticed Menkaure
  1040 | D:4      | Reached XP level 4. HP: 14/35 MP: 4/4
  1391 | D:4      | Noticed a centaur
  1407 | D:4      | Killed a centaur
  1407 | D:4      | Reached skill level 4 in Stealth
  1407 | D:4      | Reached XP level 5. HP: 18/41 MP: 5/5
  1858 | D:4      | Found a staircase to the Ecumenical Temple.
  1867 | Temple   | Entered the Ecumenical Temple
  2075 | Temple   | Became a worshipper of Dithmenos the Shadowed
  2075 | Temple   | Reached * piety under Dithmenos
  2075 | Temple   | Reached ** piety under Dithmenos
  2152 | D:3      | Noticed Jessica
  2159 | D:3      | Killed Jessica
  2194 | D:2      | Found an opulent altar of Gozag.
  2829 | D:2      | Reached XP level 6. HP: 37/47 MP: 6/6
  2879 | D:2      | Noticed Robin
  2894 | D:2      | Killed Robin
  3068 | D:2      | Reached skill level 5 in Stealth
  3759 | D:3      | Found a faded altar of an unknown god.
  4227 | D:5      | Entered Level 5 of the Dungeon
  4235 | D:5      | Mangled by an ogre

Vault maps used:
D:1:      scummos_arrival_star, minmay_misc_feat_four_crosses,
          minmay_heptomino_d4
D:2:      nicolae_gozag_seed_capital, first_bread, uniq_natasha, uniq_robin
D:3:      cheibrodos_helix_gallery, chequers_temple_overflow_minitemple,
          gammafunk_temple_overflow_pools, ecumenical_altar_1, uniq_jessica
D:4:      uniq_menkaure
D:5:      kennysheep_little_box, serial_shops, shop, uniq_blork_the_orc,
          uniq_eustachio
Temple:   nicolae_temple_figure_eight

Skill      XL: |  1  2  3  4  5  6 |
---------------+-------------------+-----
Stealth        | 2 3 4 5 |  5.3
Short Blades   | 3 4 |  4.0
Fighting       | |  3.0
Dodging        | |  2.4

Action                   |  1- 3 |  4- 6 || total
-------------------------+-------+-------++-------
Melee: Short sword       |   120 |   176 ||   296
  Use: Scroll            |     3 |    10 ||    13
 Stab: Sleeping          |     1 |    25 ||    26
       Distracted        |       |     1 ||     1
Armor: Robe              |     9 |       ||     9
       Ring mail         |    28 |    23 ||    51
       Leather armour    |       |     9 ||     9
Dodge: Dodged            |    67 |    86 ||   153
